 Dungeon Crawl Stone Soup version 0.29-a0-8-g0446c0dae4 (webtiles) character file.

Game seed: 14344696389856428953

32 robertstho the Magician (level 3, -1/17 HPs)
             Began as a Spriggan Earth Elementalist on Jan 27, 2022.
             Slain by a kobold (4 damage)
             ... on level 2 of the Dungeon.
             The game lasted 00:03:36 (1559 turns).

robertstho the Magician (SpEE)                      Turns: 1559, Time: 00:03:37

Health: -1/17      AC:  2    Str:  4    XL:     3   Next: 10%
Magic:  9/9        EV: 17    Int: 18    God:
Gold:   31         SH:  0    Dex: 15    Spells: 8/9 levels left

rFire   . . .      SeeInvis +   g - +0 short sword
rCold   . . .      Faith    .   (no shield)
rNeg    . . .      Spirit   .   b - +0 robe
rPois   .          Reflect  .   (helmet restricted)
rElec   .          Harm     .   (no cloak)
rCorr   .          Rampage  .   (gloves unavailable)
Will    .....                   (boots unavailable)
Stlth   ++........              (no amulet)
HPRegen 0.05/turn               (no ring)
MPRegen 0.11/turn               (no ring)

@: attractive, very quick
A: very small, no large weapons, unfitting armour, see invisible, speed 3
a: no special abilities


You were on level 2 of the Dungeon.
You visited 1 branch of the dungeon, and saw 2 of its levels.

You collected 31 gold pieces.

Inventory:

Hand Weapons
 g - a +0 short sword (weapon)
Armour
 b - a +0 robe (worn)
Scrolls
 e - a scroll of immolation
 f - a scroll of teleportation {unknown}


   Skills:
 * Level 0.4 Fighting
 * Level 3.1 Dodging
 * Level 3.2 Stealth
 * Level 3.7 Spellcasting
 + Level 1.3 Transmutations
 + Level 2.9 Earth Magic


You had 8 spell levels left.
You knew the following spells:

 Your Spells              Type           Power      Damage    Failure   Level
a - Sandblast             Erth           28%        2d8       4%          1

Your spell library contained the following spells:

 Spells                   Type           Power      Damage    Failure   Level
 Passwall                 Tmut/Erth      9%         N/A       10%         2
 Stone Arrow              Conj/Erth      16%        3d8       26%         3
 Petrify                  Tmut/Erth      11%        N/A       52%         4


Dungeon Overview and Level Annotations

Branches:
Dungeon (2/15)

Altars:


Innate Abilities, Weirdness & Mutations

You are very small and have problems with some larger weapons.
You are too small for most types of armour.
You have supernaturally acute eyesight. (SInv)
You cover ground extremely quickly. (Speed+++)


Message History

There are no items here.
The kobold throws a stone.
The stone hits you.
You closely miss the kobold. The kobold hits you with a +0 spear.
You barely miss the kobold. The kobold hits you with a +0 spear.
You closely miss the kobold. The kobold closely misses you.
The kobold misses you.
You miss the kobold. You punch the kobold, but do no damage.
The kobold barely misses you.
You hit the kobold but do no damage.
A goblin comes into view. It is wielding a +0 club.
The kobold hits you with a +0 spear.
You miss the kobold. The kobold barely misses you.
You closely miss the kobold. The kobold hits you with a +0 spear.
* * * LOW HITPOINT WARNING * * *
You closely miss the kobold.
The goblin shouts!
You hear a shout!
The kobold barely misses you.
Unknown command.
The kobold throws a stone.
The stone hits you.
* * * LOW HITPOINT WARNING * * *
The kobold throws a stone.
The stone completely misses you.
Okay, then.
You aren't carrying any items that you can evoke.
Unknown command.
It was a potion of attraction.
You feel attractive to monsters.
The kobold throws a stone.
The stone closely misses you. The kobold is attracted toward you.
The goblin is attracted toward you.
You aren't carrying any potions.
As you read the scroll labelled HIJIPL EKLOECUY, it crumbles to dust.
It is a scroll of amnesia.
Really abort (and waste the scroll)?
Okay, then.
The kobold hits you with a +0 spear.
* * * LOW HITPOINT WARNING * * *
As you read the scroll labelled MOJAIKL NEODY, it crumbles to dust.
It is a scroll of identify.
e - a scroll of immolation The kobold hits you with a +0 spear.
You die...

#.. . #.. . ... .###
#.####.. ...##.# #
###.##.##.####
#.#####....g.......#
#.......§..K@#
####..§##.###
##....##.##
#..g....[...
#.<##.######
#.........
......#####
#.#....... # ..
.!.....## .


You could see a goblin and a kobold.

Vanquished Creatures
  7 ball pythons
  An endoplasm (D:1)
  A giant cockroach (D:1)
  A goblin (D:1)
  3 hobgoblins (D:1)
  3 jackals (D:1)
  A kobold (D:1)
  4 quokkas
  3 bats
  A frilled lizard (D:2)
  4 rats
29 creatures vanquished.

Notes
Turn   | Place    | Note
-------+----------+-------------------------------------------
     0 | D:1      | robertstho the Spriggan Earth Elementalist began the quest
                  | for the Orb.
     0 | D:1      | Reached XP level 1. HP: 9/9 MP: 5/5
   132 | D:1      | Found a faded altar of an unknown god.
   209 | D:1      | Reached XP level 2. HP: 13/13 MP: 0/7
  1070 | D:2      | Reached XP level 3. HP: 10/17 MP: 9/9
  1559 | D:2      | Slain by a kobold

Illustrated notes

Levels and vault maps discovered:
D:1:      dpeg_arrival_simpleton_c, layout_basic, ebering_ecumenical_altar_box,
          serial_bayou_pond_e
D:2:      layout_basic

Skill      XL: |  1 |
---------------+----+-----
Dodging        | 3 |  3.1
Spellcasting   | 3 |  3.7
Fighting       | |  0.4
Stealth        | |  3.2
Transmutations | |  1.3
Earth Magic    | |  2.9

Action                   || total
-------------------------++-------
Melee: Short sword       ||    37
       Club              ||    12
       Punch             ||     1
 Cast: Sandblast         ||    30
  Use: Scroll            ||     2
       Potion            ||     1
 Stab: Sleeping          ||     3
Armor: Robe              ||    11
Dodge: Dodged            ||    61

Table legend: (Time is in decaauts)
 A = Elapsed time spent in this place.
 B = Non-inter-level travel time spent in this place.
 C = Inter-level travel time spent in this place.
 D = Time resting spent in this place.
 E = Time spent auto-exploring this place.
 F = Levels seen in this place.
 G = Mean time per level.
                   A        B        C        D        E       F      G
               +--------+--------+--------+--------+--------+-----+--------+
         Total |   1352 |   1352 |      0 |    329 |    761 |   2 |  676.0 |
       Dungeon |   1352 |   1352 |      0 |    329 |    761 |   2 |  676.0 |
               +--------+--------+--------+--------+--------+-----+--------+

Top non-repeatable levels by time:
     D:1: 744 daAuts
     D:2: 608 daAuts
